[Event "*** SCC Grand Prix: Titled Tuesday Blitz"]
[Site "Chess.com"]
[Date "2020.07.21"]
[Round "2"]
[White "sergeikim"]
[Black "dosto07"]
[Result "1-0"]
[WhiteElo "2449"]
[BlackElo "2232"]
[TimeControl "180+1"]
[EndTime "10:15:46 PDT"]
[Termination "sergeikim won by resignation"]

1. d4 d5 2. c4 dxc4 3. e3 Nf6 4. Bxc4 e6 5. Nf3 a6 6. a4 c5 7. O-O Nc6 8. Qe2 Be7 9. Rd1 O-O 10. Nc3 Qc7 11.
h3 b6 12. d5 exd5 13. Nxd5 Nxd5 14. Bxd5 Bb7 15. e4 Rad8 16. Be3 a5 17. Qc4 Bf6 18. Rd2 Rfe8 19. Rad1 h6 20. e5 Nxe5 21. Nxe5 Bxe5 22. Bxf7+ Kh8 23. Bxe8 Rxe8 24. Qg4 Qc6 25. Rd8 Bf6 26. Rxe8+ Qxe8 27. b3 Qf7 28. Rd7 Bc8 29. Rxf7 1-0

[Event "*** SCC Grand Prix: Titled Tuesday Blitz"]
[Site "Chess.com"]
[Date "2020.07.21"]
[Round "2"]
[White "Kavyev_Ruslan"]
[Black "alfiefischer77"]
[Result "1-0"]
[WhiteElo "2432"]
[BlackElo "2204"]
[TimeControl "180+1"]
[EndTime "10:15:49 PDT"]
[Termination "Kavyev_Ruslan won by resignation"]

1. d4 Nf6 2. c4 e6 3. g3 Bb4+ 4. Nd2 O-O 5. Bg2 d5 6. Nf3 c5 7. cxd5 exd5 8. O-O Nc6 9. a3 Bxd2 10. Bxd2 Re8 11. dxc5 Ne4 12. b4 Qf6 13. Be3 Bg4 14.
Nd4 Nc3 15. Qd2 Nxd4 16. Bxd4 Qxd4 17. Qxd4 Nxe2+ 18. Kh1 Nxd4 19. Bxd5 Bf3+ 20. Bxf3 Nxf3 21. Rad1 Rad8 22. Kg2 Ne5 23. Rfe1 Rxd1 24. Rxd1 g5 25. f3 Nc4 26. Rd7 Re2+ 27. Kh3 Ne5 28. Rxb7 Nxf3 29. Kg4 Nxh2+ 30. Kxg5 Rc2 31. Rxa7 Kg7 32. a4 Nf3+ 33. Kf4 Nd4 34. a5 Rb2 35. Rb7 Nc6 36. a6 Nxb4 37. a7 Nd3+ 38. Ke3 Ra2 39. Kxd3 Kg6 40. c6 1-0

[Event "*** SCC Grand Prix: Titled Tuesday Blitz"]
[Site "Chess.com"]
[Date "2020.07.21"]
[Round "2"]
[White "ChelsieMonica"]
[Black "cassoulet"]
[Result "0-1"]
[WhiteElo "2403"]
[BlackElo "2656"]
[TimeControl "180+1"]
[EndTime "10:15:51 PDT"]
[Termination "cassoulet won by resignation"]

1. c4 e6 2. Nc3 Nf6 3. Nf3 d5 4. cxd5 exd5 5. d3 c6 6. g3 Bd6 7. Bg2 O-O 8. O-O Bg4 9. Bg5 Nbd7 10. h3 Bf5 11. Nd4 Bg6 12. f4 h6 13. Bxf6 Nxf6 14. f5 Bh7 15. g4 Re8 16. e4 Qb6 17. Ne2 dxe4 18. Kh1 exd3 19. Qxd3 Rad8 20. Rad1 Be5 21.
Qc4 Qxb2 22. Rb1 Rxd4 23. Nxd4 Qxd4 24. Qxd4 Bxd4 25. Rxb7 h5 26. Bxc6 Rc8 27. g5 Ne8 28. Bd5 Nd6 29. Rd7 Nxf5 30. Bxf7+ Kh8 31. g6 Ng3+ 32.
Kg2 Nxf1 33. Kxf1 Rf8 34. gxh7 Kxh7 35. Kg2 Bb6 36. h4 g6 37. Kg3 Kh6 38. a4 Rc8 39. Rd6 Bc7 0-1

[Event "*** SCC Grand Prix: Titled Tuesday Blitz"]
[Site "Chess.com"]
[Date "2020.07.21"]
[Round "2"]
[White "doctorcristian"]
[Black "Vandros57"]
[Result "1-0"]
[WhiteElo "2404"]
[BlackElo "2119"]
[TimeControl "180+1"]
[EndTime "10:15:51 PDT"]
[Termination "doctorcristian won on time"]

1. d4 d5 2. c4 e6 3. Nc3 Nf6 4. Nf3 Nbd7 5. cxd5 exd5 6. Bf4 c6 7. e3 Nh5 8. Bg5 Be7 9. h4 h6 10. g4 hxg5 11.
hxg5 Bxg5 12. gxh5 Bh6 13. Bd3 Qe7 14. Qe2 b5 15.
O-O-O b4 16. Na4 Bb7 17. Kb1 O-O 18. Nh4 Nb6 19. Nc5 Rab8 20. Nf5 Qf6 21. Rdg1 Nc4 22.
Nxg7 Bxg7 23. h6 Na3+ 24. bxa3 1-0

[Event "*** SCC Grand Prix: Titled Tuesday Blitz"]
[Site "Chess.com"]
[Date "2020.07.21"]
[Round "2"]
[White "Ausbildung"]
[Black "marianokar"]
[Result "1-0"]
[WhiteElo "2233"]
[BlackElo "2426"]
[TimeControl "180+1"]
[EndTime "10:15:54 PDT"]
[Termination "Ausbildung won by checkmate"]

1. e4 e6 2. d4 d5 3. Bd3 dxe4 4. Bxe4 Nf6 5. Bf3 c5 6. Ne2 Nc6 7. Be3 cxd4 8. Nxd4 Ne5 9. Nd2 Nxf3+ 10. N2xf3 Be7 11. Qe2 Qa5+ 12. Bd2 Qa4 13. b3 Qa3 14. Nb5 Qc5 15. Be3 Qc6 16. Ne5 Qxg2 17. Nc7+ Kd8 18. O-O-O+ Kxc7 19. Qc4+ Kb8 20. Bf4 b5 21. Nc6+ Kb7 22.
Qxb5# 1-0

[Event "*** SCC Grand Prix: Titled Tuesday Blitz"]
[Site "Chess.com"]
[Date "2020.07.21"]
[Round "2"]
[White "SamuelGhimpu2003"]
[Black "Man-Chuk"]
[Result "0-1"]
[WhiteElo "2557"]
[BlackElo "2842"]
[TimeControl "180+1"]
[EndTime "10:15:55 PDT"]
[Termination "Man-Chuk won by resignation"]

1. d4 Nf6 2. c4 e6 3. g3 c5 4. Nf3 cxd4 5. Nxd4 a6 6. Nc3 Qc7 7. Bg2 Qxc4 8. O-O Nc6 9. Nxc6 bxc6 10. Bf4 Be7 11.
Bd6 a5 12. Rc1 Bxd6 13. Qxd6 Qb4 14. Qd2 O-O 15. a3 Qb3 16. e4 d5 17. e5 Nd7 18. f4 Ba6 19. Rf3 Rab8 20. Rc2 Qb6+ 21. Kh1 Nc5 22. f5 exf5 23. Rxf5 Ne6 24. Na4 Qd4 25. Rf2 Qxa4 0-1

[Event "*** SCC Grand Prix: Titled Tuesday Blitz"]
[Site "Chess.com"]
[Date "2020.07.21"]
[Round "2"]
[White "Alindsay211"]
[Black "wild_cat99"]
[Result "0-1"]
[WhiteElo "2295"]
[BlackElo "2623"]
[TimeControl "180+1"]
[EndTime "10:15:55 PDT"]
[Termination "wild_cat99 won on time"]

1. d4 Nf6 2. Nf3 e6 3. Bf4 d5 4. e3 Bd6 5. Bg5 O-O 6. c3 c5 7.
Nbd2 b6 8. Bd3 Nbd7 9. Rc1 h6 10. Bh4 Bb7 11. O-O Qc7 12. Qa4 Ne4 13. Qc2 f5 14. Bg3 Nxg3 15. hxg3 Nf6 16. a3 c4 17. Be2 g5 18. b3 Bxa3 19. Ra1 Bd6 20. bxc4 g4 21.
Nh4 Bxg3 22. fxg3 Qxg3 23. Nxf5 exf5 24. Qxf5 Qxe3+ 25. Kh1 Kg7 26. Rf4 Qxe2 27. Rxg4+ Nxg4 28. Qd7+ Rf7 0-1

[Event "*** SCC Grand Prix: Titled Tuesday Blitz"]
[Site "Chess.com"]
[Date "2020.07.21"]
[Round "2"]
[White "Chesswizard_2007"]
[Black "NotFischer"]
[Result "1-0"]
[WhiteElo "2463"]
[BlackElo "2254"]
[TimeControl "180+1"]
[EndTime "10:15:55 PDT"]
[Termination "Chesswizard_2007 won by resignation"]

1. d4 Nf6 2. c4 e6 3. Nc3 d5 4. cxd5 exd5 5. Bg5 Nbd7 6. e3 c6 7. Bd3 Be7 8. Qc2 O-O 9. Nf3 Re8 10. h3 Nf8 11. O-O Bd6 12. Rfe1 h6 13. Bxf6 Qxf6 14. e4 dxe4 15. Nxe4 Qd8 16. Nxd6 Rxe1+ 17. Rxe1 Qxd6 18. Re8 Rb8 19. Qc5 Qxc5 20. dxc5 g6 21. Ne5 Kg7 22. Bc4 1-0

[Event "*** SCC Grand Prix: Titled Tuesday Blitz"]
[Site "Chess.com"]
[Date "2020.07.21"]
[Round "2"]
[White "Zurability"]
[Black "GadimbayliA"]
[Result "0-1"]
[WhiteElo "2566"]
[BlackElo "2869"]
[TimeControl "180+1"]
[EndTime "10:15:57 PDT"]
[Termination "GadimbayliA won on time"]

1. Nf3 d5 2. c4 d4 3. g3 c5 4.
Bg2 Nc6 5. O-O Nf6 6. e3 e6 7. exd4 cxd4 8. d3 Bc5 9. Na3 O-O 10. Nc2 a5 11. Re1 Re8 12. b3 h6 13. a3 e5 14. Bd2 Bf5 15. b4 axb4 16. axb4 Rxa1 17.
Nxa1 Bxb4 18. Bxb4 Nxb4 19. Nxe5 Qd6 20. f4 Nd7 21. Qd2 Nxe5 22. fxe5 Rxe5 23. Rb1 Nxd3 24. g4 Bg6 0-1

[Event "*** SCC Grand Prix: Titled Tuesday Blitz"]
[Site "Chess.com"]
[Date "2020.07.21"]
[Round "2"]
[White "bgfbfbgfbgfgf"]
[Black "Chessdemon2019"]
[Result "0-1"]
[WhiteElo "2626"]
[BlackElo "2363"]
[TimeControl "180+1"]
[EndTime "10:15:57 PDT"]
[Termination "Chessdemon2019 won by resignation"]

1. e4 c5 2. Nf3 d6 3. d4 cxd4 4.
Nxd4 Nf6 5. Nc3 a6 6. Be3 e5 7.
Nb3 Be6 8. f3 Be7 9. Qd2 h5 10.
Nd5 Nxd5 11. exd5 Bf5 12. Bd3 Bxd3 13. Qxd3 Nd7 14. O-O-O Bg5 15. g3 Bxe3+ 16. Qxe3 Rc8 17. h4 Qc7 18. Rh2 Nf6 19. Qd3 O-O 20. Nd2 Qe7 21. Kb1 b5 22. Ne4 Nxe4 23. fxe4 Rc4 24. Rf2 Qd7 25. Rf5 g6 26. Rf6 Qg4 27. c3 Rxe4 28.
Rxd6 b4 29. cxb4 Rd4 0-1

[Event "*** SCC Grand Prix: Titled Tuesday Blitz"]
[Site "Chess.com"]
[Date "2020.07.21"]
[Round "2"]
[White "Roman_Ovetchkin"]
[Black "Bigfish1995"]
[Result "0-1"]
[WhiteElo "2598"]
[BlackElo "3021"]
[TimeControl "180+1"]
[EndTime "10:15:58 PDT"]
[Termination "Bigfish1995 won by resignation"]

1. d4 Nf6 2. c4 e6 3. Nf3 d5 4. g3 Bb4+ 5. Bd2 Be7 6. Bg2 O-O 7. O-O c6 8. Qc2 Nbd7 9. a3 a5 10. Rc1 b5 11. cxb5 cxb5 12. Qc6 Ba6 13. Bf4 Qc8 14.
Nbd2 Qxc6 15. Rxc6 b4 16. e3 Rfc8 17. Rxc8+ Rxc8 18.
axb4 Bxb4 19. Bf1 Bxf1 20. Kxf1 Rc2 21. Nb3 Ne4 22. Ne5 Nxe5 23. Bxe5 Rxf2+ 24. Kg1 f6 25. Bc7 Rxb2 26. Nxa5 Bd2 0-1

[Event "*** SCC Grand Prix: Titled Tuesday Blitz"]
[Site "Chess.com"]
[Date "2020.07.21"]
[Round "2"]
[White "OparinGrigoriy"]
[Black "Nf3c5"]
[Result "1-0"]
[WhiteElo "2934"]
[BlackElo "2585"]
[TimeControl "180+1"]
[EndTime "10:15:58 PDT"]
[Termination "OparinGrigoriy won by resignation"]

1. d4 Nf6 2. c4 g6 3. Nf3 Bg7 4. g3 O-O 5. Bg2 d5 6. cxd5 Nxd5 7. O-O Nb6 8. Nc3 Nc6 9. e3 Re8 10. h3 e5 11. d5 e4 12. dxc6 exf3 13. Qxf3 Rb8 14.
Rd1 Qe7 15. Nb5 a6 16. Nd4 Nc4 17. Qe2 Ne5 18. f4 Nxc6 19. Bxc6 bxc6 20. Nxc6 Qe4 21. Nxb8 Bb7 22. Kh2 Rxb8 23. Bd2 Bxb2 24. Rab1 Bf6 25. Rb4 Qc6 26. Rdb1 Be7 27. R4b3 Bc5 28. e4 Bb6 29. Re1 Re8 30. Qd3 h5 31. Bc3 Rxe4 32. Rxe4 Qxe4 33.
Qd8+ 1-0

[Event "*** SCC Grand Prix: Titled Tuesday Blitz"]
[Site "Chess.com"]
[Date "2020.07.21"]
[Round "2"]
[White "lider34"]
[Black "CroissantNeuf"]
[Result "0-1"]
[WhiteElo "2209"]
[BlackElo "2435"]
[TimeControl "180+1"]
[EndTime "10:15:58 PDT"]
[Termination "CroissantNeuf won by resignation"]

1. e4 c6 2. d4 d5 3. exd5 cxd5 4. c4 Nf6 5. Nc3 g6 6. cxd5 Nxd5 7. Nf3 Bg7 8. Qb3 Nb6 9. d5 O-O 10. Be3 N8d7 11.
Rd1 Nf6 12. h3 Bf5 13. Be2 Ne4 14. O-O Nxc3 15. bxc3 Qc7 16. c4 Nd7 17. g4 Be4 18. Nd2 f5 19. Rc1 Nc5 20. Bxc5 Qxc5 21. Nxe4 fxe4 22.
Qe3 Qxe3 23. fxe3 Bh6 24. Rxf8+ Rxf8 25. Rc3 b6 26. Bd1 Kg7 27. Bc2 Rf3 28. Kg2 Bxe3 29. Bxe4 Rf2+ 30. Kg3 Bc5 31. Ra3 Re2 32. Bd3 Re3+ 33. Kf4 g5+ 0-1

[Event "*** SCC Grand Prix: Titled Tuesday Blitz"]
[Site "Chess.com"]
[Date "2020.07.21"]
[Round "2"]
[White "Muracle"]
[Black "Falia-p"]
[Result "0-1"]
[WhiteElo "2610"]
[BlackElo "2319"]
[TimeControl "180+1"]
[EndTime "10:16:02 PDT"]
[Termination "Falia-p won by resignation"]

1. d4 Nf6 2. c4 e6 3. g3 d5 4.
Bg2 dxc4 5. Nf3 a6 6. O-O Nc6 7.
Qc2 Nxd4 8. Qxc4 Nxf3+ 9. Bxf3 Bd6 10. Nc3 O-O 11. Rd1 Qe7 12. Bg5 h6 13. Be3 Rb8 14. a4 c6 15. a5 e5 16. Bb6 Be6 17. Qh4 Bc7 18. Be3 Rfd8 19. Ne4 Rxd1+ 20. Rxd1 Rd8 21.
Rc1 Nd5 22. Qxe7 Nxe7 23. Nc5 Bc8 24. b4 Nd5 25. Bxd5 Rxd5 26. h4 f5 27. h5 f4 0-1

[Event "*** SCC Grand Prix: Titled Tuesday Blitz"]
[Site "Chess.com"]
[Date "2020.07.21"]
[Round "2"]
[White "51616516516"]
[Black "bmt011"]
[Result "1-0"]
[WhiteElo "2406"]
[BlackElo "2126"]
[TimeControl "180+1"]
[EndTime "10:16:03 PDT"]
[Termination "51616516516 won on time"]

1. c4 c5 2. Nf3 Nf6 3. d4 cxd4 4. Nxd4 g6 5. Nc3 Bg7 6. g3 d5 7. cxd5 Nxd5 8. Ndb5 Nxc3 9. Qxd8+ Kxd8 10. Nxc3 Bd7 11. Bg2 Bc6 12. O-O Bxg2 13. Rd1+ Nd7 14. Kxg2 Bxc3 15. bxc3 Rc8 16. Bh6 f6 17. Be3 b6 18.
a4 Ke8 19. a5 Rf8 20. axb6 axb6 21. f4 Nc5 22. Ra7 Rd8 23. Rxd8+ Kxd8 24. Ra8+ 1-0

[Event "*** SCC Grand Prix: Titled Tuesday Blitz"]
[Site "Chess.com"]
[Date "2020.07.21"]
[Round "2"]
[White "ASVZ"]
[Black "Walter_White_Poland"]
[Result "1/2-1/2"]
[WhiteElo "2451"]
[BlackElo "2252"]
[TimeControl "180+1"]
[EndTime "10:16:05 PDT"]
[Termination "Game drawn by repetition"]

1. e4 e6 2. d4 d5 3. e5 c5 4. c3 Nc6 5. Be3 Nge7 6. Nf3 Nf5 7. Bd3 Nxe3 8. fxe3 Be7 9. O-O O-O 10. Nbd2 f6 11. exf6 Rxf6 12. Qe2 Bd7 13. Kh1 Be8 14. dxc5 Bxc5 15.
e4 Bh5 16. Nb3 Bb6 17. Rad1 Qf8 18. exd5 exd5 19. Qc2 h6 20. Nfd4 Bxd1 21. Rxd1 Nxd4 22.
cxd4 Rc8 23. Qd2 Rf2 24. Qe1 Kh8 25. Qe6 Rc6 26. Qxd5 Rcf6 27. h3 Rf1+ 28. Rxf1 Rxf1+ 29. Bxf1 Qxf1+ 30. Kh2 Bc7+ 31. g3 Qf2+ 32. Qg2 Bxg3+ 33. Kh1 Qe1+ 34. Qg1 Qe4+ 35. Qg2 Qe1+ 36. Qg1 Qe4+ 37. Qg2 Qe1+ 1/2-1/2

[Event "*** SCC Grand Prix: Titled Tuesday Blitz"]
[Site "Chess.com"]
[Date "2020.07.21"]
[Round "2"]
[White "csati17"]
[Black "jerry_77"]
[Result "0-1"]
[WhiteElo "2630"]
[BlackElo "2366"]
[TimeControl "180+1"]
[EndTime "10:16:06 PDT"]
[Termination "jerry_77 won by resignation"]

1. c4 Nf6 2. Nc3 e6 3. e4 c5 4.
e5 Ng8 5. Nf3 Nc6 6. d4 cxd4 7.
Nxd4 Nxe5 8. Bf4 Ng6 9. Bg3 a6 10. h4 Bb4 11. h5 N6e7 12. Bd3 Qb6 13. Bc2 d6 14. O-O Nf6 15. h6 gxh6 16. Bh4 Nd7 17. Ne4 Ng6 18. Nf6+ Nxf6 19. Bxf6 Rg8 20. a3 Bc5 21.
Rc1 Nf4 22. Be4 Bxd4 23. Bxd4 Qxd4 24. Qe1 Nxg2 0-1

[Event "*** SCC Grand Prix: Titled Tuesday Blitz"]
[Site "Chess.com"]
[Date "2020.07.21"]
[Round "2"]
[White "Shield12"]
[Black "Gorin_Leonid"]
[Result "1/2-1/2"]
[WhiteElo "2849"]
[BlackElo "2572"]
[TimeControl "180+1"]
[EndTime "10:16:09 PDT"]
[Termination "Game drawn by repetition"]

1. e4 e5 2. Nf3 Nc6 3. Nc3 Nf6 4.
Be2 Bb4 5. Nd5 Be7 6. Nxe7 Qxe7 7. d3 O-O 8. O-O d5 9. exd5 Nxd5 10. Re1 Qd6 11.
Nd2 Bf5 12. Bf3 Rfe8 13. Nc4 Qd7 14. Be4 Bxe4 15. dxe4 Nb6 16. Qxd7 Nxd7 17. Be3 Nb6 18. Bxb6 axb6 19. c3 Red8 20. Kf1 f6 21. Ke2 Kf7 22. a3 Ke6 23. g3 Na5 24. Ne3 c6 25. Rab1 b5 26.
b3 Rd7 27. Rb2 Rad8 28. Rd1 Rxd1 29. Nxd1 g6 30. Ne3 f5 31. exf5+ gxf5 32. f4 e4 33. Nc2 c5 34. Ne1 h5 35. a4 bxa4 36. bxa4 Nc4 37.
Ra2 b6 38. Ng2 Rd3 39. Rc2 Na3 40. Rc1 Nc4 41. Rc2 Na3 42. Rc1 Nc4 43. Rc2 1/2-1/2

[Event "*** SCC Grand Prix: Titled Tuesday Blitz"]
[Site "Chess.com"]
[Date "2020.07.21"]
[Round "2"]
[White "czasnaszachy"]
[Black "Vladislav_Chizhikov"]
[Result "0-1"]
[WhiteElo "2254"]
[BlackElo "2461"]
[TimeControl "180+1"]
[EndTime "10:16:09 PDT"]
[Termination "Vladislav_Chizhikov won on time"]

1. d4 d5 2. c4 e5 3. dxe5 d4 4.
a3 Nc6 5. Nf3 Bg4 6. h3 Bxf3 7.
exf3 Nxe5 8. Bf4 Ng6 9. Bh2 Nf6 10. Bd3 Bd6 11. Bxd6 Qxd6 12. O-O O-O 13. Nd2 Nf4 14. Ne4 Nxe4 15. fxe4 c5 16. Qc2 Rfe8 17. Rfe1 g6 18. Rad1 a5 19. Qa4 Qc6 20. Qxc6 bxc6 21. Bf1 Rab8 22.
Rd2 Rb3 23. g3 Ne6 24. Rc1 Reb8 25. Rcc2 d3 26. Rxd3 Nd4 27. Rxb3 Rxb3 28. Rc3 Rxb2 29. Kg2 Kg7 30. Re3 Kf6 31. g4 Ke5 32. Kg3 g5 33. h4 f6 34. hxg5 fxg5 35. Kg2 Ne6 36. Kg3 Nf4 37. Rf3 Rb1 0-1

[Event "*** SCC Grand Prix: Titled Tuesday Blitz"]
[Site "Chess.com"]
[Date "2020.07.21"]
[Round "2"]
[White "SaqoChess_Twitch"]
[Black "andy_rekt"]
[Result "0-1"]
[WhiteElo "2420"]
[BlackElo "2228"]
[TimeControl "180+1"]
[EndTime "10:16:11 PDT"]
[Termination "andy_rekt won by checkmate"]

1. d4 e6 2. c4 Nf6 3. Nc3 Bb4 4.
a3 Bxc3+ 5. bxc3 c5 6. e3 O-O 7. Bd3 d6 8. Ne2 Nc6 9. O-O e5 10. d5 Ne7 11. Ng3 Re8 12. f4 Ng6 13. f5 Nf8 14. e4 h6 15. Nh5 N8h7 16. Nxf6+ Qxf6 17. Qe1 Rb8 18. h4 Bd7 19. a4 a6 20. a5 b5 21. axb6 Rxb6 22. g4 Reb8 23. Ra2 g5 24. fxg6 Qxg6 25. h5 Qg7 26. g5 Nxg5 27. Rg2 Bh3 28. Rg3 Bxf1 29. Qxf1 f6 30. Qf5 a5 31.
Bxg5 fxg5 32. Qe6+ Kh8 33. Rf3 Rf8 34. Rf5 a4 35. Rxf8+ Qxf8 36. Qd7 Ra6 37. Be2 a3 38.
Bg4 a2 39. Bf5 a1=Q+ 40. Kg2 Ra2+ 41. Kh3 Qh1+ 42. Kg3 Qg2# 0-1

[Event "*** SCC Grand Prix: Titled Tuesday Blitz"]
[Site "Chess.com"]
[Date "2020.07.21"]
[Round "2"]
[White "Mikhail_Golubev"]
[Black "FabianoCaruana"]
[Result "0-1"]
[WhiteElo "2601"]
[BlackElo "3043"]
[TimeControl "180+1"]
[EndTime "10:16:12 PDT"]
[Termination "FabianoCaruana won on time"]

1. e4 c5 2. Nf3 e6 3. d4 cxd4 4. Nxd4 Nc6 5. Nc3 Qc7 6. Be3 a6 7. a3 b5 8. Nxc6 Qxc6 9. Bd3 Bb7 10. O-O Nf6 11. Qe2 Be7 12. f4 O-O 13. Kh1 d6 14. Rad1 Nd7 15. Qh5 g6 16. Qh6 Bf6 17. Rf3 Bg7 18. Qh4 f5 19. Rh3 Nf6 20. Bd4 Rf7 21. Re1 Re8 22. Rf3 e5 23. fxe5 dxe5 24. Bg1 f4 25.
Nd5 Nxd5 26. exd5 Qxd5 27. Be4 Qxe4 28. Rxe4 Bxe4 29. Rf2 Rd7 30. Qh3 Rd1 31. Qb3+ Bd5 32. Qc3 e4 0-1

[Event "*** SCC Grand Prix: Titled Tuesday Blitz"]
[Site "Chess.com"]
[Date "2020.07.21"]
[Round "2"]
[White "N00bM3ster"]
[Black "korkmaz16"]
[Result "0-1"]
[WhiteElo "2743"]
[BlackElo "2344"]
[TimeControl "180+1"]
[EndTime "10:16:12 PDT"]
[Termination "korkmaz16 won by checkmate"]

1. e4 d5 2. exd5 Nf6 3. d4 Bg4 4. Nf3 Qxd5 5. Nc3 Qh5 6. Be2 Nc6 7. h3 O-O-O 8. O-O Nxd4 9. Nxd4 Bxe2 10. Ncxe2 e5 11.
Qd3 Bc5 12. Qf5+ Qxf5 13. Nxf5 g6 14. Be3 Bxe3 15. Nxe3 Rd2 16. Nc3 Rhd8 17. Rad1 Nh5 18. Rxd2 Rxd2 19. Rd1 Rxd1+ 20. Ncxd1 f5 21. Nc4 e4 22. Kf1 Nf4 23. h4 Kd7 24. g3 Nd5 25. c3 Ke6 26. Ke2 h6 27. Nde3 Ne7 28. Ng2 g5 29.
hxg5 hxg5 30. f3 exf3+ 31. Kxf3 Nd5 32. Nce3 Nf6 33. g4 f4 34. Nf5 Ke5 35. Ne1 Nxg4 36.
Nd3+ Kxf5 37. Nc5 Ne5+ 38. Ke2 g4 39. Nxb7 g3 40. Na5 f3+ 41. Ke3 g2 42. Kf2 Kf4 43. Nb3 Ng4+ 44. Kg1 Kg3 45. Nd4 f2# 0-1

[Event "*** SCC Grand Prix: Titled Tuesday Blitz"]
[Site "Chess.com"]
[Date "2020.07.21"]
[Round "2"]
[White "VovenRogel"]
[Black "LilRag"]
[Result "1-0"]
[WhiteElo "2738"]
[BlackElo "2498"]
[TimeControl "180+1"]
[EndTime "10:16:16 PDT"]
[Termination "VovenRogel won by resignation"]

1. d4 Nf6 2. c4 e6 3. Nf3 d5 4. e3 Be7 5. Nc3 O-O 6. b3 b6 7. Bb2 Bb7 8. Be2 Nbd7 9. O-O c5 10. Rc1 Rc8 11. cxd5 Nxd5 12. Nxd5 Bxd5 13. Ba6 Ra8 14. Qe2 cxd4 15. e4 d3 16. Qxd3 Nc5 17. Rxc5 Bxc5 18.
exd5 Qxd5 19. Qc3 f6 20. Bc4 Qd7 21. Re1 Rfe8 22. b4 Bf8 23. Qb3 Kh8 24. Bxe6 Qb5 25. a3 Rad8 26. Nd4 Qg5 27. Rf1 Bd6 28. Nf3 Qb5 29. Bf7 Re7 30. Bc4 Qh5 31. g3 Rde8 32. Kg2 Qg4 33. Rd1 Bc7 34. Rd4 Qf5 35. Bd3 Qe6 36. Qc2 h6 37. Nh4 1-0

[Event "*** SCC Grand Prix: Titled Tuesday Blitz"]
[Site "Chess.com"]
[Date "2020.07.21"]
[Round "2"]
[White "PotapovaM"]
[Black "Julianos82"]
[Result "1-0"]
[WhiteElo "2467"]
[BlackElo "2258"]
[TimeControl "180+1"]
[EndTime "10:16:19 PDT"]
[Termination "PotapovaM won by resignation"]

1. d4 d5 2. c4 dxc4 3. e4 Nc6 4. d5 Ne5 5. Bf4 Ng6 6. Bg3 e5 7. Nf3 Bd6 8. Bxc4 a6 9. O-O Nf6 10. Nc3 O-O 11. Rc1 Bd7 12. Re1 Qe7 13. Nh4 Nxh4 14.
Bxh4 h6 15. a3 g5 16. Bg3 h5 17. h4 g4 18. Qd2 Kh7 19. Nd1 b5 20. Ba2 Rac8 21. Qa5 Ra8 22. Rc2 Ng8 23. Qd2 Nf6 24. Bb1 Bc5 25. b4 Bb6 26. Rc1 Rac8 27. Ne3 Rfe8 28.
Nf5 Bxf5 29. exf5 e4 30. Bf4 Rcd8 31. Bg5 Qe5 32. Rc6 Rd6 33. Bf4 Qxf5 34. Bxd6 e3 35.
Bxf5+ 1-0

[Event "*** SCC Grand Prix: Titled Tuesday Blitz"]
[Site "Chess.com"]
[Date "2020.07.21"]
[Round "2"]
[White "Izoria123"]
[Black "Chessmasterzt"]
[Result "0-1"]
[WhiteElo "2887"]
[BlackElo "2591"]
[TimeControl "180+1"]
[EndTime "10:16:20 PDT"]
[Termination "Chessmasterzt won by resignation"]

1. Nf3 Nf6 2. c4 g6 3. g3 Bg7 4. Bg2 c5 5. O-O O-O 6. Nc3 Nc6 7. d4 cxd4 8. Nxd4 Qa5 9. e3 d6 10. Bd2 Bd7 11. b3 Rfc8 12. Rc1 a6 13. Nd5 Qd8 14. Bc3 Nxd5 15. Bxd5 Rab8 16. h4 Nxd4 17. Bxd4 Bxd4 18. Qxd4 b5 19. h5 bxc4 20. Bxc4 Bb5 21. h6 e5 22.
Qd5 Bxc4 23. Rxc4 Rxc4 24. Qxc4 Qc8 25. Rc1 Qxc4 26. Rxc4 f6 27. Rc6 Rd8 28. Rxa6 g5 29. Ra7 d5 30. Rg7+ Kf8 31. Rf7+ Kxf7 0-1

[Event "*** SCC Grand Prix: Titled Tuesday Blitz"]
[Site "Chess.com"]
[Date "2020.07.21"]
[Round "2"]
[White "Keithonsky"]
[Black "tan275"]
[Result "1-0"]
[WhiteElo "2454"]
[BlackElo "2239"]
[TimeControl "180+1"]
[EndTime "10:16:21 PDT"]
[Termination "Keithonsky won by checkmate"]

1. d4 d5 2. c4 e6 3. Nf3 Nf6 4. g3 dxc4 5. Bg2 c5 6. O-O Nc6 7. dxc5 Qxd1 8. Rxd1 Bxc5 9. Nbd2 c3 10. bxc3 O-O 11. Nb3 Be7 12. Nfd4 Bd7 13. Rb1 Rfd8 14. Bf4 Nd5 15. Bd2 Nxd4 16. cxd4 Bc6 17. Na5 Rab8 18.
Rdc1 g5 19. e4 Nb6 20. Be3 Ba4 21. Rc7 Bd6 22. Rxb7 g4 23. Rxa7 Nd5 24. Nb7 Nxe3 25. Rxa4 Nxg2 26. Kxg2 Rd7 27. Nc5 Rxb1 28. Nxd7 Rd1 29.
e5 Be7 30. Rc4 Rd2 31. a4 Bg5 32. h3 Be3 33. hxg4 Rxf2+ 34. Kh3 Ra2 35. g5 Bg1 36. Kg4 Bh2 37. Nf6+ Kg7 38. Rc8 Rxa4 39. Rg8# 1-0

[Event "*** SCC Grand Prix: Titled Tuesday Blitz"]
[Site "Chess.com"]
[Date "2020.07.21"]
[Round "2"]
[White "Gerodot71"]
[Black "BabyBoss31"]
[Result "1-0"]
[WhiteElo "2428"]
[BlackElo "2187"]
[TimeControl "180+1"]
[EndTime "10:16:21 PDT"]
[Termination "Gerodot71 won by resignation"]

1. d4 d5 2. c4 Nc6 3. cxd5 Qxd5 4. Nf3 Bg4 5. Nc3 Qa5 6. e3 O-O-O 7. Bd2 Nf6 8. Bb5 Qb6 9. h3 Bd7 10. Qe2 a6 11. Bd3 Re8 12. O-O e5 13. Na4 Qa7 14.
dxe5 Nxe5 15. Nxe5 Rxe5 16. Bc3 Re8 17. Bd4 c5 18.
Nxc5 Bxc5 19. Rac1 b6 20. b4 Kb8 21. bxc5 bxc5 22. Bxc5 Qb7 23. Rb1 1-0

[Event "*** SCC Grand Prix: Titled Tuesday Blitz"]
[Site "Chess.com"]
[Date "2020.07.21"]
[Round "2"]
[White "Xeniya2005"]
[Black "harkerchess"]
[Result "0-1"]
[WhiteElo "2376"]
[BlackElo "2118"]
[TimeControl "180+1"]
[EndTime "10:16:21 PDT"]
[Termination "harkerchess won by checkmate"]

1. e4 e5 2. Nf3 Nc6 3. Bc4 Bc5 4. c3 Nf6 5. d4 exd4 6. e5 d5 7. Bb5 Ne4 8. cxd4 Bb6 9. O-O Bg4 10. Be3 O-O 11.
Bxc6 bxc6 12. Nc3 c5 13. dxc5 Bxf3 14. Qxf3 Bxc5 15. Nxe4 dxe4 16. Qxe4 Bxe3 17. Qxe3 Re8 18. Rfe1 Rb8 19. Rad1 Qe7 20. b3 c5 21. Rd5 Rbc8 22. Rc1 Red8 23. Rcd1 Re8 24. h3 c4 25. bxc4 Rxc4 26.
Rd7 Qe6 27. R1d6 Qf5 28. Rxa7 h6 29. Rdd7 Rxe5 30. Qg3 Re1+ 31. Kh2 Rcc1 32. Qb3 Qf4+ 33. Qg3 Rh1# 0-1

[Event "*** SCC Grand Prix: Titled Tuesday Blitz"]
[Site "Chess.com"]
[Date "2020.07.21"]
[Round "2"]
[White "JoliyRoger"]
[Black "ulises2013"]
[Result "0-1"]
[WhiteElo "2295"]
[BlackElo "2621"]
[TimeControl "180+1"]
[EndTime "10:16:23 PDT"]
[Termination "ulises2013 won by resignation"]

1. Nf3 g6 2. d4 Bg7 3. c4 c5 4. d5 d6 5. e4 e5 6. Nc3 Ne7 7. Bg5 h6 8. Bd2 O-O 9. h3 f5 10. Bd3 f4 11. Nh2 Nd7 12. Be2 Nf6 13. Ng4 h5 14. Nxf6+ Bxf6 15. Bf3 Kg7 16. Qe2 Bd7 17.
a3 Qc7 18. O-O a6 19. Rfc1 b5 20. cxb5 axb5 21. b4 cxb4 22. axb4 Qb6 23. Nd1 Rxa1 24.
Rxa1 Rc8 25. Qd3 Rc7 26. Ra5 Nc8 27. Nc3 Rc4 28. Ne2 Qc7 29. Ra1 Nb6 30. Rc1 Rxc1+ 31. Nxc1 Nc4 32. Bc3 Qa7 33. Nb3 Bh4 34. Be1 Qa3 35.
Kf1 Kf7 36. Nc5 dxc5 37. Qxa3 Nxa3 38. bxc5 Be7 39. Be2 Bxc5 0-1